 Dungeon Crawl Stone Soup version 0.16.1-25-gbcee3f8 (webtiles) character file.

105 drack the Skirmisher (level 4, -1/41 HPs)
             Began as a Minotaur Berserker on May 22, 2015.
             Was a Believer of Trog.
             Killed by nerve-wracking pain
             ... invoked by an orc priest
              (13 damage)
             ... on level 4 of the Dungeon.
             The game lasted 00:17:12 (2408 turns).

drack the Skirmisher (Minotaur Berserker)           Turns: 2408, Time: 00:17:12

Health: -1/41      AC:  8    Str: 22    XL:     4   Next: 54%
Magic:  2/2        EV: 11    Int:  4    God:    Trog [**....]
Gold:   224        SH:  0    Dex: 10    Spells: 0 memorised, 3 levels left

rFire  . . .     SeeInvis .     u - +3 short sword (flame)
rCold  . . .     Clarity  .     H - +0 scale mail
rNeg   . . .     SustAb   .     (no shield)
rPois  .         Gourm    .     (helmet restricted)
rElec  .         Spirit   .     (no cloak)
rCorr  .         Warding  .     (no gloves)
rMut   .         Stasis   .     v - +0 pair of boots
MR     .....                    (no amulet)
Stlth  ..........               (no ring)
                                (no ring)

@: not resistant to hostile enchantments, extremely unstealthy
A: retaliatory headbutt, horns 2
a: Burn Spellbooks, Berserk, Trog's Hand, Renounce Religion


You were on level 4 of the Dungeon.
You worshipped Trog.
Trog was pleased with you.
You were hungry.

You visited 1 branch of the dungeon, and saw 4 of its levels.

You collected 224 gold pieces.

Inventory:

Hand weapons
 a - a +0 mace
 e - a +0 trident
 h - a +0 club
 n - a +0 whip
 o - a +0 blowgun
 s - a +0 club
 t - a cursed -3 dagger
 u - a +3 short sword of flaming (weapon)
 w - a +0 whip
 x - a +0 dagger
 B - a +0 dagger
 D - a +0 club
 I - a +0 club
 J - a +0 club
Missiles
 i - 24 poisoned needles
 p - 8 arrows of flame
Armour
 b - a +0 animal skin
 m - a +0 chain mail
 v - a +0 pair of boots (worn)
 y - a +0 pair of boots
 A - a +0 chain mail
 H - a +0 scale mail (worn)
Scrolls
 k - 4 scrolls of teleportation
 r - a scroll of blinking {unknown}
 C - a scroll of recharging {unknown}
 F - a scroll of identify
 K - 2 scrolls of remove curse {unknown}
Potions
 f - a potion of poison {unknown}
 j - a potion of curing {unknown}
 l - 2 potions of heal wounds {unknown}
 q - a potion of invisibility {unknown}
 z - a potion of haste {unknown}
 G - a potion of degeneration {unknown}
Comestibles
 c - 3 bread rations
 d - 3 fruits


   Skills:
 + Level 4.7 Fighting
 + Level 4.6 Maces & Flails
 + Level 3.2 Armour
 + Level 3.1 Dodging


You had 3 spell levels left.
You didn't know any spells.

Dungeon Overview and Level Annotations

Branches:
Dungeon (4/15)
 Temple: D:4-7

Altars:
Dithmenos
Qazlal

Portals:
Sewer: D:4


Innate Abilities, Weirdness & Mutations

You reflexively headbutt those who attack you in melee.
You have a pair of horns on your head.


Message History

The orc priest hits you but does no damage.
The orc hits you with a war axe.
You barely miss the orc priest.
The orc priest is moderately wounded.
The orc priest hits you but does no damage.
The orc hits you but does no damage.
You closely miss the orc priest.
The orc priest is moderately wounded.
The orc priest barely misses you. You furiously retaliate!
You headbutt the orc priest, but do no damage.
The orc hits you with a war axe.
You hit the orc priest. You burn the orc priest. You headbutt the orc priest.
The orc priest is heavily wounded.
The orc priest misses you. You furiously retaliate!
You headbutt the orc priest, but do no damage.
The orc hits you with a war axe.
* * * LOW HITPOINT WARNING * * *
The orc priest invokes the aid of Beogh against you.
Pain shoots through your body!
You die...

#..........# ##..§####.#
#..........## #.........#
##....(...########
#...†.....#
##.###..........#
##.........# #.
##.#######.###.....<....#
#. #.# #.#...#..####### #.#
#......>.#
#.#######....###..# ####
#.##.##...@..##.####.###...
#.......###..##............
#..#######.o####...........
#.. #..o..# ....≈≈≈.... ...
#.....# #..≈≈≈≈≈%.. ....
#......# #..≈≈∩≈≈..# ..
#...........≈≈≈≈≈..# .
#.......#....≈≈≈....
.......##.........(.


You could see an orc priest and an orc.

Vanquished Creatures
  3 adders (D:3)
  3 giant mites
  3 giant geckos
  3 orcs
  3 giant cockroaches
  6 hobgoblins
  9 kobolds
  A quokka (D:3)
  4 bats
  4 giant newts
  6 goblins
  3 jackals (D:2)
  10 rats
58 creatures vanquished.

Notes
Turn   | Place    | Note
--------------------------------------------------------------
     0 | D:1      | drack, the Minotaur Berserker, began the quest for the Orb.
     0 | D:1      | Reached XP level 1. HP: 19/19 MP: 1/1
    34 | D:1      | Reached XP level 2. HP: 21/27 MP: 1/1
   131 | D:1      | Reached skill level 4 in Fighting
  1359 | D:2      | Reached XP level 3. HP: 30/33 MP: 2/2
  1457 | D:3      | Acquired Trog's second power
  1504 | D:3      | Found a stormy altar of Qazlal.
  1747 | D:3      | Reached XP level 4. HP: 41/41 MP: 2/2
  2109 | D:4      | Found a glowing drain.
  2174 | D:4      | Found a shadowy altar of Dithmenos.
  2408 | D:4      | Killed from afar by an orc priest

Action                   |  1- 3 |  4- 6 || total
-------------------------+-------+-------++-------
Melee: Mace              |    88 |     6 ||    94
       Short sword       |       |    38 ||    38
  Use: Scroll            |       |     6 ||     6
  Eat: Chunk             |     2 |     2 ||     4
